 Dungeon Crawl Stone Soup version 0.14.1-18-g0856e53 (webtiles) character file.

3922 Kae the Arsonist (level 9, -3/45 HPs)
             Began as a Deep Elf Fire Elementalist on June 5, 2014.
             Was a Follower of Vehumet.
             Killed from afar by a molten gargoyle (17 damage)
             ... with a bolt of magma
             ... on Level 9 of the Dungeon.
             The game lasted 00:22:06 (8737 turns).

Kae the Arsonist (Deep Elf Fire Elementalist)       Turns: 8737, Time: 00:22:07

HP  -3/45        AC  3     Str  5      XL: 9   Next: 83%
MP  26/29        EV 13     Int 24      God: Vehumet [*.....]
Gold 375         SH  0     Dex 15      Spells:  5 memorised, 10 levels left

rFire  . . .     SeeInvis .     y - +3,+1 flail (crush) (curse)
rCold  . . .     Clarity  .     a - +1 robe
rNeg   . . .     Conserve .     (no shield)
rPois  .         rCorr    .     (no helmet)
rElec  .         rRot     .     (no cloak)
SustAb . .       Spirit   .     (no gloves)
rMut   .         Warding  .     (no boots)
Saprov . . .     Stasis   .     (no amulet)
MR     .....                    i - ring of wizardry
                                H - ring of wizardry

@: burdened, slow, not resistant to hostile enchantments, unstealthy
A: no striking features
a: Renounce Religion


You were on level 9 of the Dungeon.
You worshipped Vehumet.
Vehumet was aware of your devotion.
You were encumbered.
You were very hungry.

You visited 2 branches of the dungeon, and saw 10 of its levels.

You collected 399 gold pieces.
You spent 24 gold pieces at shops.

Inventory:

Hand weapons
 u - a -2,+0 flail
 y - a cursed +3,+1 flail of crushing (weapon)
Armour
 a - a +1 robe (worn)
Magical devices
 E - a wand of polymorph (10)
 F - a wand of slowing (14)
 G - a wand of magic darts (11)
Comestibles
 c - 11 bread rations
 h - a snozzcumber
 n - a pear
 t - 2 chokos
 v - 4 meat rations
 A - a lychee
Scrolls
 d - 3 scrolls of magic mapping
 f - 3 scrolls of teleportation
 k - a scroll of noise
 m - a scroll of immolation
 o - a scroll of recharging
 q - 5 scrolls of remove curse
 C - 3 scrolls of identify
Jewellery
 i - a ring of wizardry (right hand)
 j - an uncursed ring of see invisible
 s - the ring of Noum {+/*Tele +Fly rC++ rN+ Acc+2}
   (You found it on level 8 of the Dungeon)

   [ring of teleportation]

   It affects your accuracy with ranged weapons and melee attacks (+2).
   It greatly protects you from cold.
   It protects you from negative energy.
   It lets you fly.
 H - a ring of wizardry (left hand)
Potions
 e - a potion of agility
 g - a potion of magic
 l - 2 potions of heal wounds
 p - 2 potions of brilliance
 r - a potion of invisibility
 w - 3 potions of curing
 x - a potion of lignification
 z - 2 potions of cure mutation
 B - a potion of might {unknown}
Books
 b - a book of Flames

   Spells                             Type                      Level
   *Flame Tongue                      Conjuration/Fire             1
   *Throw Flame                       Conjuration/Fire             2
   *Conjure Flame                     Conjuration/Fire             3
   Inner Flame                        Hexes/Fire                   3
   *Sticky Flame                      Conjuration/Fire             4
   *Fireball                          Conjuration/Fire             5


   Skills:
 - Level 2.4 Dodging
 - Level 2.4 Stealth
 + Level 8.9 Spellcasting
 * Level 9.7 Conjurations
 * Level 10.2 Fire Magic


You had 10 spell levels left.
You knew the following spells:

 Your Spells              Type           Power        Failure   Level  Hunger
a - Flame Tongue          Conj/Fire      #####        1%          1    None
b - Throw Flame           Conj/Fire      ######       1%          2    None
c - Conjure Flame         Conj/Fire      ######..     1%          3    None
d - Sticky Flame          Conj/Fire      ######..     1%          4    ##.....
e - Fireball              Conj/Fire      ######....   1%          5    ####...


Dungeon Overview and Level Annotations

Branches:
Dungeon (9/15)             Temple (1/1) D:6
    Orc: D:9-12        Lair: D:8-11

Altars:
Ashenzari
Dithmenos
Elyvilon
Makhleb
Nemelex Xobeh
Okawaru
Trog
Vehumet
Yredelemnul
Zin

Shops:
D:5 *   D:6 [


Message History

Aim: an orc skeleton The flame tongue hits the orc skeleton.
The orc skeleton closely misses you.
The molten gargoyle blasts magma at you!
The bolt of magma misses you.
Casting: Flame Tongue
Confirm with . or Enter, or press ? or * to list all spells.
Aiming: Flame Tongue
Press: ? - help, Shift-Dir - straight line, f/p - orc skeleton
Aim: an orc skeleton The flame tongue hits the orc skeleton.
You destroy the orc skeleton!
Vehumet accepts your kill.
Unknown command.
Unknown command.
Unknown command.
Unknown command.
Unknown command.
The molten gargoyle blasts magma at you!
The bolt of magma hits you!
You die...

### #..
##.######
##........#
.........#
##........#
#.........#
#9@......#
#.#####.###
.. ≈≈. 8≈≈
§


You could see a molten gargoyle.

Vanquished Creatures
  Pikel (D:8)
  A hippogriff (D:7)
  Grum (D:8)
  3 wolves (D:8)
  Edmund (D:6)
  4 slaves (D:8)
  2 sky beasts
  2 ice beasts
  5 ogres
  2 centaurs
  Sigmund (D:5)
  A giant frog (D:6)
  A gnoll sergeant (D:7)
  2 scorpions
  A crimson imp (D:6)
  2 jellies
  3 hounds
  A giant frog skeleton (D:4)
  An orc wizard (D:6)
  6 worker ants
  3 iguanas
  4 orc priests
  Natasha (thrice) (D:6)
  A gnoll shaman (D:8)
  An ogre skeleton (D:5)
  Terence (D:2)
  A mummy (D:7)
  10 adders
  17 gnolls
  2 giant mites
  An inept feature mimic (D:8)
  An inept item mimic (D:5)
  An orc skeleton (D:9)
  2 worms (D:2)
  A giant eyeball (D:7)
  3 giant geckos
  3 oozes
  10 orcs
  4 ball pythons
  17 bats
  A bat zombie (D:7)
  4 giant cockroaches
  8 goblins
  14 hobgoblins
  9 jackals
  17 kobolds
  3 giant newts
  A giant spore (D:6)
  A goblin skeleton (D:4)
  A kobold skeleton (D:4)
  7 quokkas
  A quokka zombie (D:5)
  13 rats
  4 ballistomycetes (D:6)
211 creatures vanquished.

Vanquished Creatures (others)
  A hobgoblin (D:7)
  A giant spore (D:6)
2 creatures vanquished.

Grand Total: 213 creatures vanquished

Notes
Turn   | Place    | Note
--------------------------------------------------------------
     0 | D:1      | Kae, the Deep Elf Fire Elementalist, began the quest for the Orb.
     0 | D:1      | Reached XP level 1. HP: 10/10 MP: 5/5
   163 | D:1      | Reached XP level 2. HP: 12/15 MP: 3/8
   719 | D:2      | Noticed Terence
   860 | D:2      | Reached skill level 4 in Fire Magic
   860 | D:2      | Reached XP level 3. HP: 17/19 MP: 4/11
  1184 | D:2      | Learned a level 2 spell: Throw Flame
  1188 | D:2      | Learned a level 3 spell: Conjure Flame
  1227 | D:2      | Reached XP level 4. HP: 24/24 MP: 10/15
  1317 | D:2      | Killed Terence
  1585 | D:2      | Reached XP level 5. HP: 28/28 MP: 16/18
  1835 | D:2      | Learned a level 4 spell: Sticky Flame
  2426 | D:3      | Reached skill level 5 in Fire Magic
  3345 | D:4      | Reached XP level 6. HP: 32/32 MP: 14/20
  3663 | D:5      | Entered Level 5 of the Dungeon
  3907 | D:5      | Reached skill level 5 in Spellcasting
  3959 | D:5      | Reached skill level 5 in Conjurations
  3959 | D:5      | Reached skill level 6 in Fire Magic
  3959 | D:5      | Reached XP level 7. HP: 36/36 MP: 15/22
  4005 | D:5      | Noticed Sigmund
  4096 | D:5      | Killed Sigmund
  4196 | D:5      | Found Tritt's General Store.
  4205 | D:5      | Bought a potion of curing for 24 gold pieces
  5289 | D:5      | Reached skill level 7 in Fire Magic
  5527 | D:6      | Noticed Edmund
  5540 | D:6      | Killed Edmund
  5540 | D:6      | Reached XP level 8. HP: 41/41 MP: 14/25
  5596 | D:6      | Found Freawn's Armour Shop.
  5812 | D:6      | Noticed Natasha
  5816 | D:6      | Killed Natasha
  5824 | D:6      | Noticed Natasha
  5825 | D:6      | Killed Natasha
  5842 | D:6      | Noticed Natasha
  5843 | D:6      | Killed Natasha
  6065 | D:6      | Reached skill level 8 in Fire Magic
  6378 | D:6      | Found a staircase to the Ecumenical Temple.
  6462 | Temple   | Entered the Ecumenical Temple
  6467 | Temple   | Became a worshipper of Vehumet
  6967 | D:7      | Learned a level 5 spell: Fireball
  7306 | D:7      | Reached skill level 9 in Fire Magic
  7306 | D:7      | Reached XP level 9. HP: 35/45 MP: 16/28
  7730 | D:8      | Got a steaming lapis lazuli ring
  7768 | D:8      | Acquired Vehumet's first power
  7768 | D:8      | Offered knowledge of Sting by Vehumet.
  7835 | D:8      | HP: 2/45 [gnoll/spear (8)]
  8257 | D:8      | Noticed Pikel
  8279 | D:8      | Killed Pikel
  8482 | D:8      | Noticed Grum
  8493 | D:8      | Reached skill level 10 in Fire Magic
  8495 | D:8      | Killed Grum
  8731 | D:9      | Noticed a molten gargoyle
  8737 | D:9      | Killed from afar by a molten gargoyle

Action                   |  1- 3 |  4- 6 |  7- 9 || total
-------------------------+-------+-------+-------++-------
Melee: Unarmed           |     5 |     1 |       ||     6
       Flail             |       |     1 |    59 ||    60
 Cast: Flame Tongue      |    59 |    98 |   166 ||   323
       Throw Flame       |     2 |    50 |    81 ||   133
       Conjure Flame     |       |     4 |     9 ||    13
       Sticky Flame      |       |     1 |    10 ||    11
       Fireball          |       |       |     8 ||     8
Evoke: Wand              |       |       |     2 ||     2
  Use: Scroll            |       |     9 |    10 ||    19
       Potion            |       |       |     7 ||     7
